 Dungeon Crawl Stone Soup version 0.25-a0-1132-g9d38388ac0 (webtiles) character file.

Game seed: 2977432059387227617, levelgen mode: deterministic

84660 1994 the Basher (level 15, -4/96 HPs)
             Began as a Tengu Venom Mage on May 19, 2020.
             Was a High Priest of Vehumet.
             Slain by Jorgrun
             ... wielding an uncursed staff of earth
              (8 damage)
             ... on level 1 of the Orcish Mines on May 20, 2020.
             The game lasted 01:53:08 (29651 turns).

1994 the Basher (Tengu Venom Mage)                 Turns: 29651, Time: 01:53:09

Health: -4/96      AC: 14    Str: 13    XL:     15   Next: 81%
Magic:  36/39      EV: 21    Int: 23    God:    Vehumet [*****.]
Gold:   2004       SH:  0    Dex: 15    Spells: 5/34 levels left

rFire    + + +     SeeInvis .   a - +7 great mace "Firestarter" {inner flame, rF++}
rCold    + . .     Gourm    .   (shield currently unavailable)
rNeg     . . .     Faith    .   m - +3 salamander hide armour {+Rage rF++}
rPois    .         Spirit   .   f - +2 hat {Int+3}
rElec    +         Reflect  .   U - +2 cloak
rCorr    +         Harm     .   T - +1 pair of gloves
MR       +++..                  (boots unavailable)
Stlth    ++........             F - amulet "Eliemam" {rElec rF+ Regen+ Str+3}
HPRegen  0.66/turn              p - ring of the Leaf {rC+ MR++ rCorr}
MPRegen  0.26/turn              s - ring of magical power

@: grasped by roots, flying quickly and evasively, constricted, quick
A: beak, talons 3, able to fly
a: Stop Flying, Renounce Religion, Evoke Berserk Rage


You were on level 1 of the Orcish Mines.
You worshipped Vehumet.
Vehumet was extremely pleased with you.
You were not hungry.

You visited 4 branches of the dungeon, and saw 23 of its levels.
You also visited: Bailey.

You collected 2004 gold pieces.

Inventory:

Hand Weapons
 a - the +7 great mace "Firestarter" (weapon) {inner flame, rF++}
   (You found it in a bailey)

   It has been specially enchanted to burn those struck by it, causing extra
   injury to most foes and up to half again as much damage against particularly
   susceptible opponents.
   It greatly protects you from fire.
 L - a +0 whip of pain
 X - a +3 vampiric lajatang
Missiles
 n - 12 curare-tipped darts (quivered)
 C - 3 throwing nets
Armour
 f - a +2 hat of intelligence (worn)
 m - the +3 salamander hide armour (worn) {+Rage rF++}
   (You found it on level 4 of the Lair of Beasts)

   It greatly protects you from fire.
   It lets you go berserk.
 T - a +1 pair of gloves (worn)
 U - a +2 cloak (worn)
 Z - a +2 robe of cold resistance
Magical Staves
 D - an uncursed staff of air
 K - an uncursed staff of energy
Jewellery
 h - an uncursed ring of stealth
 p - the ring of the Leaf (left hand) {rC+ MR++ rCorr}
   (You found it on level 12 of the Dungeon)

   [ring of resist corrosion]

   It protects you from cold.
   It affects your resistance to hostile enchantments.
   It provides partial protection from all sources of acid and corrosion.
 s - a ring of magical power (right hand)
 u - an uncursed ring of positive energy
 F - the amulet "Eliemam" (around neck) {rElec rF+ Regen+ Str+3}
   (You found it on level 6 of the Dungeon)

   [amulet of regeneration]

   It affects your strength (+3).
   It protects you from fire.
   It insulates you from electricity.
   It increases your rate of regeneration.
 Y - an uncursed ring of ice
Wands
 d - a wand of clouds (4)
 e - a wand of acid (33)
 k - a wand of enslavement (2)
 A - a wand of digging (5)
 S - a wand of flame (23)
 V - a wand of paralysis (22)
Scrolls
 b - a scroll of fear
 i - 8 scrolls of teleportation
 l - a scroll of summoning {unknown}
 q - 7 scrolls of magic mapping
 r - 2 scrolls of immolation
 t - a scroll of blinking {unknown}
 v - 13 scrolls of identify
 y - a scroll of fog
 I - a scroll of random uselessness {unknown}
 J - a scroll of holy word
 M - 2 scrolls of vulnerability {unknown}
 P - a scroll of acquirement {unknown}
 Q - a scroll of remove curse
Potions
 g - 3 potions of might
 j - a potion of haste
 o - 7 potions of lignification
 x - a potion of resistance
 z - 4 potions of cancellation
 B - 2 potions of brilliance
 E - 3 potions of curing
 G - 4 potions of heal wounds
 H - 4 potions of magic
 N - 2 potions of invisibility
 R - a potion of berserk rage
 W - 5 potions of stabbing
Miscellaneous
 O - a phial of floods
Comestibles
 c - 44 rations


   Skills:
 + Level 11.8 Fighting
 * Level 13.4 Maces & Flails
 - Level 5.9 Armour
 + Level 12.4 Dodging
 - Level 2.0 Stealth
 + Level 10.2 Spellcasting
 + Level 10.6 Conjurations
 - Level 3.0 Transmutations
 - Level 4.0 Fire Magic
 + Level 10.5 Air Magic
 - Level 8.0 Poison Magic


You had 5 spell levels left.
You knew the following spells:

 Your Spells              Type           Power        Failure   Level  Hunger
a - Shock                 Conj/Air       ####         1%          1    None
b - Poisonous Vapours     Pois/Air       ######       1%          2    None
c - Mephitic Cloud        Conj/Pois/Air  ######..     1%          3    None
d - Ignite Poison         Fire/Tmut/Pois ####....     1%          3    None
e - Olgreb's Toxic Radia  Pois           #####...     1%          4    #......
f - Orb of Destruction    Conj           ######....   19%         7    #######
g - Static Discharge      Conj/Air       ######..     1%          3    None
h - Conjure Ball Lightni  Conj/Air       ######....   4%          6    ######.

Your spell library contained the following spells:

 Spells                   Type           Power        Failure   Level  Hunger
 Starburst                Conj/Fire      #####.....   13%         6    ######.
 Foxfire                  Conj/Fire      ####         1%          1    None
 Sting                    Tmut/Pois      ####         1%          1    None
 Conjure Flame            Conj/Fire      #####...     1%          3    None
 Sticky Flame             Conj/Fire      #####...     1%          4    #......
 Inner Flame              Hex/Fire       ###.....     2%          3    None
 Fireball                 Conj/Fire      #####.....   2%          5    ####...
 Irradiate                Conj/Tmut      #####.....   3%          5    ####...
 Summon Small Mammal      Summ           ##..         7%          1    None
 Summon Lightning Spire   Summ/Air       #####...     8%          4    #......
 Call Imp                 Summ           ##......     11%         2    None
 Call Canine Familiar     Summ           ##......     21%         3    None
 Summon Guardian Golem    Hex/Summ       ##......     21%         3    None
 Silence                  Hex/Air        #####.....   22%         5    ####...
 Summon Ice Beast         Ice/Summ       ##......     56%         4    #......
 Hydra Form               Tmut           ####......   97%         6    ######.
 Statue Form              Tmut/Erth      ###......    99%         6    ######.
 Dragon Form              Tmut           ####......   100%        7    #######
 Tornado                  Air            ######....   100%        9    #######


Dungeon Overview and Level Annotations

Branches:
Dungeon (15/15)            Temple (1/1) D:7            Lair (6/6) D:10
  Swamp (0/4) Lair:4       Spider (0/4) Lair:3        Slime (0/5) Lair:5
    Orc (1/2) D:10         Vaults (0/5) D:14         Depths (0/5) D:15
 Bailey (visited)

Altars:
Ashenzari
Cheibriados
Dithmenos
Elyvilon
Fedhas
Gozag
Hepliaklqana
Makhleb
Nemelex Xobeh
Okawaru
Qazlal
Ru
Sif Muna
Trog
Uskayaw
Vehumet
Wu Jian
Xom
Yredelemnul
Zin
The Shining One
Beogh
Jiyva

Portals:
Abyss: D:11

Annotations:
D:11 2 transporters, tabo's ghost, journeyman MiFi
Orc:1 Jorgrun


Innate Abilities, Weirdness & Mutations

You have a beak for a mouth.
You have claws for feet.
You can fly continuously.


Message History

Okay, then.
Unknown command.
The roots' grasp on you weakens, but your attempt to escape fails.
Jorgrun looks even sicker.
The orc knight looks even sicker.
The orc warrior looks even sicker.
You kill the orc!
Vehumet accepts your kill.
You feel your power returning.
The orc warrior looks even sicker.
You kill the orc!
Vehumet accepts your kill.
The orc wizard looks even sicker.
Your toxic aura wanes.
The orc warrior completely misses you.
The orc warrior hits you from afar with a +0 vampiric trident.
* * * LOW HITPOINT WARNING * * *
The orc warrior draws strength from your wounds!
The orc knight barely misses you. Jorgrun hits you but does no damage.
Jorgrun crushes you!
* * * LOW HITPOINT WARNING * * *
You die...

........##
....#....##
...#......##
...........##
#.#.$.......###
##...###...$..###
#...#..#.......##
#...........o.$.##
#.........g@o....#
...#....o)).....#
...$...>o.)o...##
..............#
......>.....$..
..............#
.............##
.......#.....#


You could see Jorgrun (very poisoned), an orc knight (very poisoned), 2 orc
warriors, an orc wizard (very poisoned) and an orc (poisoned).

Vanquished Creatures
  Gastronok (Lair:3)
  Kirke (Lair:5)
  Agnes (D:14)
  A caustic shrike zombie (D:15)
  A fire dragon (D:14)
  Erolcha (D:13)
  A vault guard (D:14)
  7 hydras
  Fannar (Lair:3)
  4 centaur warriors
  A two-headed ogre (D:14)
  A two-headed ogre (shapeshifter) (D:15)
  An alligator (Lair:1)
  A tengu warrior (D:13)
  Urug (Lair:2)
  Sonja (D:12)
  Nergalle (D:12)
  An iron troll (D:14)
  2 skeletal warriors (D:15)
  The ghost of qipq the Covert, a novice SpAs of Fedhas (D:8)
  2 wizards (D:14)
  A flayed ghost (D:15)
  A necromancer (D:15)
  2 orc knights
  2 cyclopes
  An oklob plant (Lair:5)
  2 manticores
  2 stone giant zombies (D:15)
  2 elephants
  7 ugly things
  3 centaur zombies
  7 black mambas
  10 spiny frogs
  2 gargoyles
  4 kobold demonologists
  A rime drake (Lair:6)
  4 komodo dragons
  A freezing wraith (D:15)
  A tengu conjurer (D:13)
  5 trolls
  17 slime creatures
  A jumping spider (Lair:3)
  5 polar bears (Lair:6)
  5 hornets (Lair:6)
  20 blink frogs
  8 hippogriffs
  10 dream sheep
  A bog body (Lair:4)
  An ettin zombie (D:15)
  A shadow (D:11)
  13 spriggans (Lair:6)
  A vampire (D:15)
  A redback (Lair:3)
  A redback (shapeshifter) (D:14)
  54 yaks
  4 wyverns
  A basilisk (shapeshifter) (D:13)
  A human (Lair:4)
  6 hogs (Lair:4)
  4 basilisks
  A hungry ghost (D:7)
  8 vampire mosquitoes
  5 wargs
  An acid dragon (D:15)
  A spectral hornet (D:8)
  11 water moccasins
  10 porcupines
  11 orc warriors
  3 black bears
  3 ice beasts
  7 sky beasts
  8 ogres
  2 phantoms
  25 wolves
  4 boggarts (Lair:6)
  7 centaurs
  9 crocodiles
  Blork the orc (D:5)
  13 big kobolds
  21 bullfrogs
  A wyvern skeleton (D:8)
  20 killer bees
  4 wights (D:10)
  5 spriggan skeletons (D:10)
  A troll skeleton (D:10)
  4 howler monkeys
  6 crimson imps
  A quasit (D:11)
  A wyvern simulacrum (D:8)
  14 orc wizards
  6 hounds
  4 jellies
  7 orc priests
  3 bullfrog skeletons
  5 centaur skeletons
  4 iguanas
  Ijyb (D:4)
  8 worker ants
  3 killer bee zombies
  4 hound zombies
  A hound skeleton (D:9)
  A worker ant zombie (D:6)
  11 gnolls
  18 adders
  6 shadow imps
  An adder skeleton (D:7)
  2 adder zombies
  A worm (D:6)
  A dart slug (D:1)
  5 leopard geckos
  53 orcs
  9 giant cockroaches
  17 goblins
  13 hobgoblins
  5 jackals
  28 kobolds
  8 quokkas
  2 ball pythons
  6 bats
  4 frilled lizards
  A giant cockroach zombie (D:5)
  A jackal skeleton (D:6)
  A leopard gecko skeleton (D:4)
  A quokka skeleton (D:3)
  4 rats
  4 fungi
  4 plants
706 creatures vanquished.

Vanquished Creatures (collateral kills)
  An unseen horror (D:15)
  A wolf spider zombie (D:15)
  A troll (D:15)
3 creatures vanquished.

Vanquished Creatures (others)
  49 ball lightnings
  2 orcs (D:6)
  A quokka (D:6)
  3 fungi (Lair:2)
  5 plants
  A withered plant (D:15)
61 creatures vanquished.

Grand Total: 770 creatures vanquished

Notes
Turn   | Place    | Note
-------+----------+-------------------------------------------
     0 | D:1      | 1994 the Tengu Venom Mage began the quest for the Orb.
     0 | D:1      | Reached XP level 1. HP: 10/10 MP: 4/4
   230 | D:1      | Reached XP level 2. HP: 16/16 MP: 3/6
   255 | D:1      | Learned a level 2 spell: Poisonous Vapours
   988 | D:1      | Reached skill level 1 in Air Magic
  1282 | D:2      | Reached XP level 3. HP: 20/20 MP: 4/7
  1522 | D:2      | Reached XP level 4. HP: 24/24 MP: 1/8
  1534 | D:2      | Reached skill level 1 in Fighting
  1615 | D:2      | Found a hide-covered altar of Uskayaw.
  1670 | D:2      | Noticed a +0 dagger
  1670 | D:2      | Noticed a +0 hand axe
  1686 | D:2      | Learned a level 3 spell: Mephitic Cloud
  1686 | D:2      | Upgraded the game from 0.25-a0-1126-g5fd7b56c60 to
                  | 0.25-a0-1132-g9d38388ac0
  1980 | D:2      | Found a glowing silver altar of Zin.
  1980 | D:2      | Found a shattered altar of Ashenzari.
  2291 | D:3      | Gained mutation: You can fly continuously. [Tengu growth]
  2291 | D:3      | Reached XP level 5. HP: 29/29 MP: 3/9
  2395 | D:3      | Learned a level 3 spell: Ignite Poison
  2694 | D:3      | Found an ornate altar of the Wu Jian Council.
  3081 | D:3      | Found a bloodstained altar of Trog.
  3542 | D:3      | Reached skill level 1 in Conjurations
  3913 | D:4      | Reached skill level 1 in Transmutations
  4247 | D:4      | Reached XP level 6. HP: 34/34 MP: 4/11
  4379 | D:4      | Reached skill level 1 in Fire Magic
  4559 | D:4      | Noticed Ijyb
  4566 | D:4      | Killed Ijyb
  4638 | D:4      | Found an iron altar of Okawaru.
  4643 | D:4      | Found a basalt altar of Yredelemnul.
  5609 | D:4      | Reached XP level 7. HP: 40/40 MP: 6/12
  6224 | D:5      | Entered Level 5 of the Dungeon
  6892 | D:5      | Found an opulent altar of Gozag.
  7118 | D:5      | Reached XP level 8. HP: 38/45 MP: 2/13
  7317 | D:5      | Reached skill level 5 in Poison Magic
  7472 | D:5      | Reached skill level 5 in Air Magic
  7767 | D:6      | Noticed Blork the orc
  8012 | D:5      | Killed Blork the orc
  8716 | D:6      | Found a white marble altar of Elyvilon.
  8864 | D:6      | Got a transparent zirconium amulet
  8868 | D:6      | Identified the amulet "Eliemam" {rElec rF+ Regen+ Str+3}
                  | (You found it on level 6 of the Dungeon)
  9005 | D:6      | Reached skill level 5 in Conjurations
  9005 | D:6      | Reached XP level 9. HP: 34/50 MP: 7/15
  9217 | D:6      | You are sucked into a shaft and drop 3 floors!
  9228 | D:9      | Learned a level 4 spell: Olgreb's Toxic Radiance
  9993 | D:8      | Reached skill level 5 in Dodging
 10376 | D:7      | Found a staircase to the Ecumenical Temple.
 10385 | Temple   | Entered the Ecumenical Temple
 10493 | Temple   | Became a worshipper of Vehumet
 11036 | D:7      | Reached XP level 10. HP: 39/58 MP: 14/18
 11316 | D:7      | Reached skill level 5 in Spellcasting
 11316 | D:7      | Reached skill level 5 in Fighting
 11962 | D:8      | Reached * piety under Vehumet
 11962 | D:8      | Offered knowledge of Shock by Vehumet.
 12302 | D:8      | Noticed a three-headed hydra
 12334 | D:8      | Killed a three-headed hydra
 12608 | D:8      | Learned a level 1 spell: Shock
 12747 | D:8      | Found a runed translucent gate.
 12747 | D:8      | Found a runed translucent gate.
 12752 | D:8      | Found a runed translucent gate.
 12841 | D:8      | Reached skill level 1 in Armour
 12841 | D:8      | Reached XP level 11. HP: 61/66 MP: 17/22
 13163 | D:8      | Noticed qipq's ghost (novice SpAs)
 13187 | D:8      | Found a roughly hewn altar of Beogh.
 13191 | D:8      | Reached ** piety under Vehumet
 13191 | D:8      | Offered knowledge of Freeze by Vehumet.
 13940 | D:9      | Found a glowing silver altar of Zin.
 14027 | D:10     | Entered Level 10 of the Dungeon
 14040 | D:10     | Found a staircase to the Orcish Mines.
 14117 | D:10     | Offered knowledge of Static Discharge by Vehumet.
 14122 | D:10     | Learned a level 3 spell: Static Discharge
 14211 | D:10     | Got a shimmering hunting sling
 14212 | D:10     | Identified the +3 hunting sling "Tenli" {vorpal, rC+} (You
                  | found it on level 10 of the Dungeon)
 14296 | D:10     | Reached *** piety under Vehumet
 14381 | D:10     | Found a staircase to the Lair.
 14755 | D:10     | Found a flagged portal.
 14761 | Bailey   | Entered a bailey
 14798 | Bailey   | Offered knowledge of Stone Arrow by Vehumet.
 14981 | Bailey   | Found the +7 great mace "Firestarter" {inner flame, rF++}
 15357 | D:10     | Reached skill level 1 in Maces & Flails
 15566 | D:10     | Reached **** piety under Vehumet
 15707 | D:10     | Offered knowledge of Bolt of Magma by Vehumet.
 15823 | D:10     | Reached skill level 2 in Maces & Flails
 16266 | D:10     | Noticed an orc knight
 16267 | D:10     | Noticed a manticore
 16273 | D:10     | Killed a manticore
 16283 | D:10     | Killed an orc knight
 16283 | D:10     | Reached skill level 3 in Maces & Flails
 16283 | D:10     | Reached XP level 12. HP: 50/73 MP: 13/24
 16561 | D:11     | Identified the +1 spear "Killer Bee's Peril" {distort, rN+
                  | MP+9 Dex+2}
 16565 | D:11     | Found a transporter.
 16567 | D:11     | Found a one-way gate to the infinite horrors of the Abyss.
 16567 | D:11     | Noticed tabo's ghost (journeyman MiFi)
 16654 | D:11     | Reached ***** piety under Vehumet
 16654 | D:11     | Offered knowledge of Lee's Rapid Deconstruction by Vehumet.
 16852 | D:11     | Found a transporter.
 16853 | D:11     | Noticed a sun demon
 16972 | D:11     | Reached skill level 4 in Maces & Flails
 17107 | D:11     | Found a shimmering altar of Xom.
 17720 | D:8      | Killed qipq's ghost
 17940 | Lair:1   | Entered Level 1 of the Lair of Beasts
 18014 | Lair:1   | Reached skill level 5 in Maces & Flails
 18353 | Lair:1   | Noticed an alligator
 18362 | Lair:1   | Killed an alligator
 18521 | Lair:1   | Reached skill level 6 in Maces & Flails
 18536 | Lair:1   | Noticed a six-headed hydra
 18552 | Lair:1   | Noticed a five-headed hydra
 18568 | Lair:1   | Killed a six-headed hydra
 18568 | Lair:1   | Killed a five-headed hydra
 18672 | Lair:1   | Reached skill level 7 in Maces & Flails
 18785 | Lair:1   | Reached XP level 13. HP: 56/80 MP: 20/26
 18792 | Lair:1   | Reached skill level 10 in Dodging
 19180 | Lair:1   | Reached skill level 8 in Maces & Flails
 19721 | Lair:2   | Noticed Urug
 19741 | Lair:2   | Killed Urug
 20380 | Lair:3   | Noticed Gastronok
 20527 | Lair:3   | Killed Gastronok
 20527 | Lair:3   | Reached skill level 9 in Maces & Flails
 20670 | Lair:3   | Reached skill level 10 in Fighting
 20932 | Lair:3   | Offered knowledge of Freezing Cloud by Vehumet.
 21024 | Lair:3   | Found a hole to the Spider Nest.
 21197 | Lair:3   | Noticed Fannar
 21204 | Lair:3   | Killed Fannar
 21389 | Lair:3   | Reached skill level 10 in Maces & Flails
 21389 | Lair:3   | Reached skill level 5 in Armour
 21421 | Lair:3   | You are sucked into a shaft and drop 2 floors!
 21480 | Lair:5   | Found a burning altar of Makhleb.
 21532 | Lair:4   | Noticed Kirke
 21549 | Lair:5   | Killed Kirke
 21549 | Lair:5   | Reached XP level 14. HP: 35/88 MP: 24/28
 22025 | Lair:4   | Found the +3 salamander hide armour {+Rage rF++}
 22052 | Lair:4   | Reached skill level 11 in Maces & Flails
 22177 | Lair:4   | Found a staircase to the Swamp.
 22267 | Lair:4   | Learned a level 6 spell: Conjure Ball Lightning
 23070 | Lair:5   | Offered knowledge of Iskenderun's Battlesphere by Vehumet.
 23309 | Lair:5   | Found a viscous altar of Jiyva.
 23309 | Lair:5   | Found a staircase to the Slime Pits.
 23492 | Lair:6   | Entered Level 6 of the Lair of Beasts
 24508 | Lair:6   | Offered knowledge of Orb of Destruction by Vehumet.
 24510 | Lair:6   | Reached skill level 12 in Maces & Flails
 24676 | Lair:6   | Learned a level 7 spell: Orb of Destruction
 24895 | D:12     | Noticed Nergalle
 24902 | D:12     | Killed Nergalle
 25003 | D:12     | Got a shimmering iron ring
 25231 | D:12     | Noticed Sonja
 25236 | D:12     | Killed Sonja
 25954 | D:13     | Noticed Erolcha
 25962 | D:13     | Killed Erolcha
 25962 | D:13     | Reached XP level 15. HP: 89/95 MP: 20/29
 26967 | D:14     | Found a glowing golden altar of the Shining One.
 27018 | D:14     | Noticed Agnes
 27122 | D:14     | Offered knowledge of Starburst by Vehumet.
 27219 | D:14     | Reached skill level 10 in Conjurations
 27353 | D:14     | Killed Agnes
 27353 | D:14     | Reached skill level 10 in Spellcasting
 27353 | D:14     | Reached skill level 10 in Air Magic
 27433 | D:14     | Identified the ring of the Leaf {rC+ MR++ rCorr} (You found
                  | it on level 12 of the Dungeon)
 27852 | D:14     | Reached skill level 13 in Maces & Flails
 27945 | D:14     | Found a gate to the Vaults.
 28035 | D:15     | Entered Level 15 of the Dungeon
 28608 | D:15     | Found a staircase to the Depths.
 29622 | Orc:1    | Entered Level 1 of the Orcish Mines
 29641 | Orc:1    | Noticed Jorgrun
 29651 | Orc:1    | HP: 4/96 [Jorgrun/uncursed staff of earth (7)]
 29651 | Orc:1    | Slain by Jorgrun

Illustrated notes

Levels and vault maps discovered:
D:1:      minmay_arrival_jagged, layout_loops_ring
D:2:      layout_basic, dancing_weapons_uskayaw, gammafunk_temple_overflow_wave,
          nrook_uturn, kennysheep_generic_room_15
D:3:      layout_basic, nicolae_overflow_crystal_walls, minivault_19,
          minmay_misc_feat_tiny, roderic_lattice_a, bloody_trog
D:4:      layout_basic, minitemple, first_ration, kennysheep_generic_room_7,
          uniq_ijyb
D:5:      layout_layer_cave, grunt_gozag_breadcrumbs
D:6:      layout_cave_pools, serial_column_ruins, column_ruins_hut_pillars,
          column_ruins_open_tiny, column_ruins_corridor_dead_end,
          column_ruins_grid_1, column_ruins_columns_corner,
          column_ruins_corridor_corner, column_ruins_grid_3, elyvilon_altar_4,
          uniq_blork_the_orc
D:7:      layout_gridville, nicolae_overflow_hidden_temple,
          minmay_temple_entry_tees
D:8:      layout_loops_ring, special_room [special_room_orc],
          gammafunk_ghost_necromancy, hangedman_ranch [blue_anna_fruit_fields]
D:9:      layout_basic, basic_altar
D:10:     kennysheep_windowed_halls, layout_basic, david_lair_generic,
          minmay_orc_entry_guard_dogs, special_room [special_room_kobold],
          enter_bailey_3, hangedman_tell_no_tales
D:11:     layout_loops_ring, gammafunk_ghost_abyssal_escape,
          minmay_ruined_shrine
D:12:     layout_long_grid, uniq_sonja, uniq_nergalle
D:13:     layout_irregular_city, uniq_erolcha
D:14:     layout_big_octagon, david_vaults_4, nicolae_tso_carved_into_rock,
          uniq_agnes
D:15:     gammafunk_depths_entry_grave, layout_irregular_city
Temple:   regret_index_temple_waves
Lair:1:   layout_gridlike, minmay_shattered_shrine
Lair:2:   layout_chaotic_city, infiniplex_staircase_pool, grunt_megastairs_1,
          uniq_urug
Lair:3:   layout_roguey, spider_nest_entry_a, uniq_gastronok, uniq_fannar
Lair:4:   layout_cave_pods, skrybe_swamp_entry_bodies, uniq_kirke
Lair:5:   layout_concentric_octagons, dpeg_slime_entry_enclosed_altar,
          basic_altar, ldierk_geyser
Lair:6:   minmay_lair_end_enchanted_forest, layout_misc_corridors,
          serial_bayou_shore_b
Orc:1:    layout_caves, serial_shops, nicolae_shop_waterfront, uniq_jorgrun,
          uniq_snorg

Skill      XL: |  1  2  3  4  5  6  7  8  9 10 11 12 13 14 15 |
---------------+----------------------------------------------+-----
Air Magic      | 1 2 3 4 5 6 7 8 9 10 | 10.5
Fighting       | 1 2 3 4 6 8 9 10 11 | 11.8
Conjurations   | 1 2 3 5 7 8 9 10 | 10.6
Poison Magic   | 4 5 7 8 |  8.0
Dodging        | 3 4 5 7 8 9 11 12 | 12.4
Transmutations | 1 2 3 |  3.0
Fire Magic     | 1 2 4 |  4.0
Spellcasting   | 3 4 6 7 8 9 10 | 10.2
Armour         | 1 4 5 |  5.9
Maces & Flails | 3 7 10 12 13 | 13.4
Stealth        | |  2.0

Action                   |  1- 3 |  4- 6 |  7- 9 | 10-12 | 13-15 || total
-------------------------+-------+-------+-------+-------+-------++-------
Melee: Dagger            |    19 |    39 |    13 |    16 |       ||    87
       Kick              |     4 |     7 |     5 |    25 |    94 ||   135
       Peck              |     1 |     3 |     3 |    18 |    61 ||    86
       Hunting sling     |       |       |     1 |       |       ||     1
       Great mace        |       |       |       |    67 |   315 ||   382
       Unarmed           |       |       |       |       |     2 ||     2
 Fire: Hunting sling     |       |    37 |   277 |   196 |       ||   510
Throw: Dart              |       |     2 |       |       |     1 ||     3
 Cast: Sting             |    10 |     5 |    74 |    49 |     2 ||   140
       Poisonous Vapours |    24 |    61 |    89 |   159 |   154 ||   487
       Ignite Poison     |       |       |     2 |    37 |    42 ||    81
       Mephitic Cloud    |       |       |     2 |    13 |    26 ||    41
       Olgreb's Toxic Ra |       |       |     1 |    21 |    31 ||    53
       Shock             |       |       |       |    78 |    38 ||   116
       Static Discharge  |       |       |       |     1 |    13 ||    14
       Conjure Ball Ligh |       |       |       |       |    22 ||    22
 Abil: Fly               |       |     1 |       |       |     1 ||     2
       Stop Flying       |       |       |       |       |     1 ||     1
Evoke: Wand              |       |       |     1 |       |     4 ||     5
  Use: Scroll            |       |    11 |     2 |     9 |     6 ||    28
       Potion            |       |       |       |       |     2 ||     2
 Stab: Sleeping          |       |     6 |     2 |     1 |     2 ||    11
       Distracted        |       |       |       |       |     4 ||     4
  Eat: Chunk             |     3 |    13 |    20 |    25 |    38 ||    99
       Ration            |       |     1 |     2 |       |     1 ||     4
Armor: Robe              |     6 |     7 |       |       |       ||    13
       Leather armour    |       |       |    32 |    19 |    89 ||   140
       Ring mail         |       |       |       |    46 |    37 ||    83
Dodge: Dodged            |    18 |    45 |   188 |   339 |   568 ||  1158

Table legend:
 A = Non-vault XP
 B = Vault XP
 C = Vault XP percentage of total XP
 D = Non-vault monster count
 E = Vault monster count
 F = Vault count percentage of total count
                 A         B        C        D         E       F
            +---------+---------+-------+---------+---------+-------
      Total |   72024 |   48919 |  40.4 |     486 |     214 |  30.6
            +---------+---------+-------+---------+---------+-------
        D:1 |      32 |       0 |   0.0 |      18 |       0 |   0.0
        D:2 |     105 |       0 |   0.0 |      16 |       0 |   0.0
        D:3 |      85 |       0 |   0.0 |      25 |       0 |   0.0
        D:4 |     449 |     157 |  25.9 |      23 |       3 |  11.5
        D:5 |     772 |     102 |  11.7 |      26 |       1 |   3.7
        D:6 |     769 |       0 |   0.0 |      19 |       0 |   0.0
        D:7 |    1630 |       0 |   0.0 |      24 |       0 |   0.0
        D:8 |    2794 |    3662 |  56.7 |      35 |      34 |  49.3
        D:9 |    2005 |       0 |   0.0 |      27 |       0 |   0.0
       D:10 |    1759 |    5578 |  76.0 |      20 |      46 |  69.7
       D:11 |    2499 |     974 |  28.0 |      17 |       8 |  32.0
       D:12 |    2816 |    1594 |  36.1 |      17 |       2 |  10.5
       D:13 |    2406 |    1048 |  30.3 |      14 |       1 |   6.7
       D:14 |   13645 |    4838 |  26.2 |      36 |       4 |  10.0
       D:15 |    8943 |    5580 |  38.4 |      34 |       8 |  19.0
     Lair:1 |    5913 |    6066 |  50.6 |      26 |      10 |  27.8
     Lair:2 |    3136 |    2438 |  43.7 |      14 |       8 |  36.4
     Lair:3 |    4906 |    3653 |  42.7 |      19 |       4 |  17.4
     Lair:4 |    3774 |    1423 |  27.4 |      20 |       7 |  25.9
     Lair:5 |    3974 |    2018 |  33.7 |      16 |       1 |   5.9
     Lair:6 |    9144 |    9173 |  50.1 |      35 |      45 |  56.2
      Orc:1 |     468 |       0 |   0.0 |       5 |       0 |   0.0
     Bailey |       0 |     615 | 100.0 |       0 |      32 | 100.0
            +---------+---------+-------+---------+---------+-------
